 Dungeon Crawl Stone Soup version 0.28.0-53-g5a82cb258f (webtiles) character file.

Game seed: 10105421270825889919

2774 Peloso the Carver (level 9, 0/118 HPs)
             Began as a Minotaur Fighter on May 28, 2022.
             Was a Priest of Okawaru.
             Slain by Harold
             ... wielding a +0 flail
              (14 damage)
             ... on level 7 of the Dungeon.
             The game lasted 00:12:06 (8429 turns).

Peloso the Carver (Minotaur Fighter)                Turns: 8429, Time: 00:12:06

Health: 0/118      AC: 16    Str: 23    XL:     9   Next: 42%
Magic:  5/8        EV: 12    Int:  5    God:    Okawaru [***...]
Gold:   296        SH: 12    Dex: 12    Spells: 8/8 levels left

rFire   . . .      SeeInvis .   a - +0 long sword
rCold   . . .      Faith    .   c - +0 buckler
rNeg    . . .      Spirit   .   q - +1 chain mail {rPois}
rPois   +          Reflect  +   (helmet restricted)
rElec   .          Harm     .   E - +1 cloak
rCorr   .          Rampage  .   (no gloves)
Will    .....                   (no boots)
Stlth   ..........              u - amulet of reflection
HPRegen 0.29/turn               (no ring)
MPRegen 0.11/turn               (no ring)

@: berserking, heroic, marked, very quick
A: horns 2, retaliatory headbutt, sturdy frame 1
a: Renounce Religion, Heroism


You were on level 7 of the Dungeon.
You worshipped Okawaru.
Okawaru was most pleased with you.
You visited 1 branch of the dungeon, and saw 7 of its levels.
You also visited: Sewer.

You collected 296 gold pieces.

Inventory:

Hand Weapons
 a - a +0 long sword (weapon)
 b - a +2 short sword of flaming
Missiles
 f - 2 throwing nets (quivered)
Armour
 c - a +0 buckler (worn)
 q - a +1 chain mail of poison resistance (worn)
 x - a +0 scale mail
 E - a +1 cloak (worn)
Jewellery
 e - a ring of positive energy
 g - a ring of wizardry
 l - an amulet of the acrobat
 r - a +6 ring of intelligence
 u - an amulet of reflection (around neck)
 D - a ring of positive energy
Wands
 p - a wand of acid (8)
 y - a wand of iceblast (4)
Scrolls
 i - 3 scrolls of magic mapping {unknown}
 j - 2 scrolls of identify
 n - a scroll of fog
 s - a scroll of vulnerability {unknown}
 v - a scroll of enchant armour {unknown}
 z - a scroll of noise {unknown}
 A - a scroll of teleportation
 B - a scroll of holy word
 C - a scroll of blinking
Potions
 d - 4 potions of might
 k - a potion of magic
 m - a potion of mutation
 o - 2 potions of invisibility {unknown}
 t - a potion of lignification {unknown}
 w - a potion of degeneration {unknown}


   Skills:
 + Level 7.3(12.3) Fighting
 + Level 9.3(14.3) Long Blades
 + Level 8.7(13.7) Armour
 + Level 2.9(7.9) Dodging
 + Level 0.8(5.8) Stealth
 + Level 7.5(12.5) Shields
 + Level 0.2 Invocations


You had 8 spell levels left.
You didn't know any spells.
Your spell library contained the following spells:

 Spells                   Type           Power      Damage    Failure   Level
 Sandblast                Erth           0%         2d4       90%         1
 Shock                    Conj/Air       0%         1d3       90%         1
 Corpse Rot               Necr/Air       0%         N/A       97%         2
 Passwall                 Tmut/Erth      0%         N/A       97%         2
 Poisonous Vapours        Pois/Air       0%         N/A       97%         2
 Sublimation of Blood     Necr           0%         N/A       97%         2
 Wereblood                Tmut           0%         N/A       97%         2
 Frozen Ramparts          Ice            0%         1d2       99%         3
 Gell's Gravitas          Tloc           0%         N/A       99%         3
 Lesser Beckoning         Tloc           0%         N/A       99%         3
 Stone Arrow              Conj/Erth      0%         3d7       99%         3
 Swiftness                Air            0%         N/A       99%         3
 Teleport Other           Tloc           0%         N/A       99%         3
 Airstrike                Air            0%         N/A       100%        4
 Ice Form                 Ice/Tmut       0%         N/A       100%        4
 Summon Ice Beast         Ice/Summ       Unusable   N/A       N/A         4
 Summon Hydra             Summ           Unusable   N/A       N/A         7

Dungeon Overview and Level Annotations

Branches:
Dungeon (7/15)             Temple (0/1) D:5           Sewer (visited)

Altars:
Fedhas
Gozag
Hepliaklqana
Kikubaaqudgha
Okawaru
Ru
Trog
Wu Jian

Shops:
D:1 *

Annotations:
D:4 3 runed translucent doors, Peloso's ghost, novice MiFi
D:5 2 runed translucent doors
D:7 Harold


Innate Abilities, Weirdness & Mutations

You have a pair of horns on your head.
You reflexively headbutt those who attack you in melee.
Your movements are slightly less encumbered by armour. (ER -2)


Message History

The orc warrior hits you with a +0 war axe.
You hit the orc warrior. Your headbutt misses the orc warrior.
The orc warrior is almost dead.
Harold yells, "I don't have all day!"
You slash the orc warrior!
You kill the orc warrior!
Okawaru accepts your kill.
Okawaru will now gift you ammunition as you gain piety.
The orc priest invokes the aid of Beogh against you.
Pain shoots through your body!
Your life force feels restored.
You slash the orc priest!
The orc priest is severely wounded.
The orc priest calls upon Beogh to heal the orc priest.
The orc priest is healed somewhat.
Unknown command.
You slice Harold!!
Harold is moderately wounded.
You hit Harold but do no damage. You headbutt Harold!
Harold is moderately wounded.
You slice Harold!! You headbutt Harold!
Harold is severely wounded.
Harold hits you with a +0 flail!
You barely miss Harold.
Harold is severely wounded.
You feel like a meek peon again. Harold hits you with a +0 flail!
The orc priest mumbles some strange prayers to Beogh against you.
Beogh smites you!
* * * LOW HITPOINT WARNING * * *
You gain the combat prowess of a mighty hero.
Harold points at you and mumbles some strange words.
A sentinel's mark forms upon you.
The orc priest calls down the wrath of Beogh upon you.
Beogh smites you!
* * * LOW HITPOINT WARNING * * *
A red film seems to cover your vision as you go berserk!
You feel yourself moving faster!
You feel mighty! Harold hits you with a +0 flail!
You die...

#########.......#
#.......#.......#
#.......#.......#
#.......#.......#
....#.......#.......#
...#.......'.......#
...+.......#..)....#
..#.......#.......#
#.##'######@......#
#.##.#...o@########
#....#....o#
#....#.....#
#....#.....#
#....#.....#
#....#.....#
#....#.....#
#....#....(#


You could see Harold and 2 orc priests.

Vanquished Creatures
  Pikel (D:5)
  Menkaure (D:5)
  Pargi (D:3)
  2 ice beasts (D:7)
  An orc warrior (D:7)
  2 necrophages
  3 black bears
  An ogre (D:7)
  A lemure (D:5)
  5 kobold brigands
  A bullfrog (D:5)
  A scorpion (D:4)
  2 water moccasin skeletons
  A centaur zombie (D:3)
  2 orc priests
  2 hounds
  A jelly (D:5)
  3 iguanas
  3 orc wizards
  Natasha (D:2)
  A hound skeleton (D:4)
  4 gnolls (D:5)
  A howler monkey skeleton (D:6)
  15 adders
  4 river rats
  A white imp (D:7)
  2 ufetubi (D:6)
  An adder skeleton (D:4)
  4 worms
  3 dart slugs
  19 orcs
  10 ball pythons
  9 endoplasms
  3 giant cockroaches
  6 hobgoblins
  3 quokkas
  4 bats
  2 frilled lizards
  8 goblins
  13 kobolds
  10 rats
158 creatures vanquished.

Vanquished Creatures (others)
  A kobold (D:5)
1 creature vanquished.

Grand Total: 159 creatures vanquished

Notes
Turn   | Place    | Note
-------+----------+-------------------------------------------
     0 | D:1      | Peloso the Minotaur Fighter began the quest for the Orb.
     0 | D:1      | Reached XP level 1. HP: 19/19 MP: 0/0
   268 | D:1      | Reached XP level 2. HP: 27/27 MP: 1/1
   417 | D:1      | Found Amorue's Assorted Antiques.
   963 | D:2      | Reached XP level 3. HP: 33/33 MP: 2/2
  1180 | D:2      | Reached skill level 3 in Long Blades
  1615 | D:3      | Noticed Pargi
  1619 | D:3      | Noticed Natasha
  1636 | D:2      | Killed Natasha
  1637 | D:2      | Reached XP level 4. HP: 40/40 MP: 3/3
  1656 | D:3      | Killed Pargi
  1657 | D:3      | Reached skill level 4 in Long Blades
  1657 | D:3      | Reached skill level 1 in Dodging
  1657 | D:3      | Reached XP level 5. HP: 19/47 MP: 4/4
  1862 | D:3      | Found a bloodstained altar of Trog.
  2089 | D:3      | Reached skill level 5 in Armour
  2140 | D:3      | Found a faded altar of an unknown god.
  2483 | D:3      | Found a hazy altar of Hepliaklqana.
  2606 | D:4      | Reached skill level 5 in Long Blades
  2636 | D:4      | Noticed a black bear
  2641 | D:4      | Killed a black bear
  2642 | D:4      | Reached XP level 6. HP: 48/53 MP: 5/5
  2746 | D:4      | Reached skill level 5 in Fighting
  3138 | D:4      | Found a blossoming altar of Fedhas.
  3238 | D:4      | Found a runed translucent gate.
  3239 | D:4      | Found a runed translucent gate.
  3240 | D:4      | Found a runed translucent gate.
  3241 | D:4      | Found an opulent altar of Gozag.
  3242 | D:4      | Noticed Peloso's ghost (novice MiFi)
  3242 | D:4      | Noticed an orc warrior
  3243 | D:4      | Noticed a two-headed ogre
  3332 | D:4      | Reached XP level 7. HP: 61/61 MP: 6/6
  3897 | D:5      | Entered Level 5 of the Dungeon
  3997 | D:5      | Reached skill level 6 in Long Blades
  3997 | D:5      | Reached skill level 5 in Shields
  4006 | D:5      | Found a sacrificial altar of Ru.
  4017 | D:5      | Found an iron altar of Okawaru.
  4025 | D:5      | Became a worshipper of Warmaster Okawaru
  4069 | D:5      | Found a staircase to the Ecumenical Temple.
  4080 | D:5      | Noticed Pikel
  4097 | D:5      | HP: 3/62 [Pikel/+0 whip of freezing (6)]
  4102 | D:5      | Killed Pikel
  4102 | D:5      | Reached * piety under Okawaru
  4103 | D:5      | Reached skill level 7 in Long Blades
  4103 | D:5      | Reached XP level 8. HP: 14/70 MP: 7/7
  4154 | D:5      | Found a runed translucent door.
  4154 | D:5      | Found a runed translucent door.
  4218 | D:5      | Found a glowing drain.
  4230 | Sewer    | Entered a sewer
  4671 | Sewer    | Gained mutation: Your movements are slightly less
                  | encumbered by armour. (ER -2) [potion of mutation]
  5671 | Sewer    | Reached skill level 8 in Long Blades
  6234 | D:5      | Reached ** piety under Okawaru
  6619 | D:5      | Noticed Menkaure
  6632 | D:5      | Killed Menkaure
  6640 | D:5      | Reached XP level 9. HP: 32/78 MP: 5/8
  7374 | D:6      | Found an ancient bone altar of Kikubaaqudgha.
  7788 | D:6      | Found an ornate altar of the Wu Jian Council.
  8174 | D:7      | Reached skill level 9 in Long Blades
  8399 | D:7      | Noticed Harold
  8422 | D:7      | Reached *** piety under Okawaru
  8429 | D:7      | Slain by Harold

Illustrated notes

Levels and vault maps discovered:
D:1:      amcnicky_arrival_flooded_fountain, layout_basic, serial_shops,
          nicolae_shop_hallway_stairs
D:2:      layout_loops_ring, grunt_decor_one_mirror, minmay_stone_trees_small,
          minivault_23
D:3:      layout_basic, trog_three_pillars_becter,
          nicolae_overflow_hidden_temple, ebering_ecumenical_altar_ruins,
          uniq_pargi, uniq_natasha
D:4:      layout_basic, overflow_temple_1_default, ebering_ghost_gozag
D:5:      lemuel_insect_pit, layout_loops_ring, mainiacjoe_overflow_brackets,
          lemuel_crystal_altar, minmay_temple_entry_junction_2,
          portal_sewer_entry_e, uniq_pikel, uniq_menkaure
D:6:      layout_basic, overflow_temple_1_default, kennysheep_mini_moat,
          dk_noncrumbling_2
D:7:      layout_gridville, grunt_temple_overflow_lords_of_destruction,
          uniq_joseph, uniq_harold, uniq_duvessa

Skill      XL: |  1  2  3  4  5  6  7  8  9 |
---------------+----------------------------+-----
Armour         | 4 5 6 7 8 |  8.7
Shields        | 4 5 7 |  7.5
Fighting       | 4 5 6 7 |  7.3
Long Blades    | 3 4 5 7 8 9 |  9.3
Dodging        | 1 2 |  2.9
Stealth        | |  0.8
Invocations    | |  0.2

Action                   |  1- 3 |  4- 6 |  7- 9 || total
-------------------------+-------+-------+-------++-------
Melee: Long sword        |    74 |   100 |   362 ||   536
       Headbutt          |    11 |    14 |    46 ||    71
Invok: Heroism           |       |       |     5 ||     5
  Use: Scroll            |     3 |       |     6 ||     9
       Potion            |       |       |     5 ||     5
Armor: Scale mail        |    34 |    58 |    71 ||   163
       Chain mail        |       |       |    39 ||    39
Dodge: Dodged            |    38 |    65 |   124 ||   227
Block: Buckler           |    19 |    26 |   180 ||   225
       Reflection        |       |       |     7 ||     7
